[Event "Titled Tuesday Blitz January 17 Early 2023"]
[White "Demchenko, Anton"]
[Black "Md, Imran"]
[WhiteFideId "4160258"]
[BlackFideId "25748580"]
[WhiteElo "2623"]
[BlackElo "2284"]
[Result "1/2-1/2"]
[Round "03"]
[TimeControl "180+2"]
[Date "2023.01.17"]
[WhiteClock "0:00:10"]
[BlackClock "0:00:21"]

1. e4 c5 2. Nf3 e6 3. c3 d5 4. exd5 Qxd5 5. d4 Nc6 6. Na3 cxd4 7. Nb5 Qd7 8. Nbxd4 Nf6 9. Nxc6 Qxc6 10. a4 Bd7 11. Bd3 Bd6 12. O-O O-O 13. Qe2 Rac8 14. Be3 a6 15. Bd4 Nd5 16. Ne5 Bxe5 17. Bxe5 f6 18. Bg3 e5 19. Rfd1 Be6 20. Qe4 g6 21. h4 Rfd8 22. Qf3 h5 23. c4 Nf4 24. Qxc6 Rxc6 25. Bxf4 exf4 26. Bxg6 Rxd1+ 27. Rxd1 Rxc4 28. Bxh5 Rxa4 29. Bf3 Rb4 30. Rd2 a5 31. h5 Kh7 32. Kf1 a4 33. Ke1 Kh6 34. Kd1 b5 35. Rd6 Bb3+ 36. Kd2 Kg5 37. Rc6 Bc4 38. Rc5+ Kh6 39. Kc1 Be6 40. Rc6 Rc4+ 41. Rxc4 Bxc4 42. Bd1 Bd5 43. g3 f3 44. g4 Kg5 45. Kd2 Be4 46. Ke3 Bc6 47. Kd4 b4 48. Kc5 a3 49. bxa3 bxa3 50. Bb3 Be4 51. Kb4 Kxg4 52. h6 Kg5 53. Kxa3 Kxh6 54. Kb2 Kg5 55. Kc3 f5 56. Kd2 Kf4 57. Ke1 Ke5 58. Bf7 Kf4 59. Be6 Ke5 60. Bb3 Bd5 61. Bc2 f4 62. Ba4 Kd4 63. Bc2 Kc3 64. Ba4 Kd4 65. Be8 Be4 66. Bh5 Bd5 67. Be8 Be4 68. Bh5 Bd5 69. Be8 1/2-1/2


[Site "https://www.chess.com"]

[Event "Titled Tuesday Blitz January 17 Early 2023"]
[White "Sai Han Thiha"]
[Black "Xu, Yi"]
[WhiteFideId "13012290"]
[BlackFideId "8605564"]
[WhiteElo "2070"]
[BlackElo "2527"]
[Result "0-1"]
[Round "03"]
[TimeControl "180+2"]
[Date "2023.01.17"]
[WhiteClock "0:00:03"]
[BlackClock "0:00:02"]

1. d4 Nf6 2. c4 e6 3. Nf3 d5 4. Nc3 Bb4 5. Qa4+ Nc6 6. cxd5 exd5 7. Bg5 h6 8. Bxf6 Qxf6 9. e3 O-O 10. Be2 Be6 11. a3 Bxc3+ 12. bxc3 a6 13. Qc2 Na5 14. a4 Rac8 15. O-O c5 16. Qb2 Qe7 17. Ne5 c4 18. Bd1 Bf5 19. Qb6 Qc7 20. Qxc7 Rxc7 21. g4 Bh7 22. Ra2 Ra8 23. Rb2 Kf8 24. Rb6 Ke7 25. Bf3 Rd8 26. Bg2 Rd6 27. Rb4 Nb3 28. Re1 f6 29. Nf3 Be4 30. Nh4 g5 31. Bxe4 gxh4 32. Bf3 b5 33. axb5 a5 34. Ra4 Rb7 35. e4 Nd2 36. Bg2 Rxb5 37. exd5+ Kd7 38. Ra2 Nb3 39. Be4 Kc7 40. f4 Kb6 41. Kf2 Ka6 42. Ree2 Rb8 43. Ra4 Kb5 44. Rea2 Nc1 45. Rxa5+ Kb6 46. Ra6+ Kc7 47. Rxd6 Kxd6 48. Ra6+ Ke7 49. Re6+ Kf7 50. Ra6 Rb2+ 51. Ke1 Re2+ 52. Kd1 Rxe4 53. Kxc1 Rxf4 54. Ra7+ Ke8 55. h3 Rf3 56. Kd2 Rd3+ 57. Kc2 Rxh3 58. Rh7 Rh2+ 59. Kb1 Rg2 60. Rxh6 Rxg4 61. Kb2 Ke7 62. Ka3 Kd6 63. Kb2 Kxd5 64. Rxf6 Rg2+ 65. Ka3 Rc2 66. Kb4 Rb2+ 67. Ka4 Rb3 68. Rf5+ Ke4 69. Rh5 Rxc3 70. Rxh4+ Kd3 71. d5 Rc1 72. d6 Rd1 73. Kb4 c3 0-1


[Site "https://www.chess.com"]

[Event "Titled Tuesday Blitz January 17 Early 2023"]
[White "Vivas Zamora, Fabian Ernesto"]
[Black "Grandelius, Nils"]
[WhiteFideId "3902480"]
[BlackFideId "1710400"]
[WhiteElo "2346"]
[BlackElo "2664"]
[Result "0-1"]
[Round "03"]
[TimeControl "180+2"]
[Date "2023.01.17"]
[WhiteClock "0:00:02"]
[BlackClock "0:01:14"]

1. e4 c5 2. Nc3 e6 3. Nf3 Nc6 4. d4 cxd4 5. Nxd4 Qc7 6. Be3 a6 7. Qf3 d6 8. O-O-O Bd7 9. Qg3 h5 10. f4 Nf6 11. Be2 Rc8 12. Kb1 b5 13. Bxb5 axb5 14. Ndxb5 Qb8 15. Rxd6 Bxd6 16. Qxg7 Rg8 17. Qxf6 Be7 18. Qh6 Na5 19. Qh7 Rf8 20. Qxh5 Nc4 21. Bd4 Qxf4 22. Rd1 Rg8 23. b3 Nd2+ 24. Kb2 Nxe4 25. Nxe4 Qxe4 26. Bc3 Rc5 27. Qxc5 Bxc5 28. Bf6 Rxg2 29. Nc7+ Kf8 30. Rxd7 Qxc2+ 31. Ka1 Qxa2# 0-1


[Site "https://www.chess.com"]

[Event "Titled Tuesday Blitz January 17 Early 2023"]
[White "Molina, Roberto Junio Brito"]
[Black "Kassimov, Baurzhan"]
[WhiteFideId "2109450"]
[BlackFideId "13704800"]
[WhiteElo "2403"]
[BlackElo "2285"]
[Result "0-1"]
[Round "03"]
[TimeControl "180+2"]
[Date "2023.01.17"]
[WhiteClock "0:00:06"]
[BlackClock "0:00:05"]

1. d4 d6 2. e4 Nf6 3. Nc3 e5 4. Nf3 Nbd7 5. Bc4 Be7 6. O-O O-O 7. Re1 c6 8. a4 b6 9. b3 a6 10. Bf1 Bb7 11. Ba3 b5 12. Qd2 Re8 13. Rad1 Qb6 14. dxe5 dxe5 15. Bxe7 Rxe7 16. Nh4 g6 17. Qg5 Kf8 18. Re3 Ng8 19. Nf3 h6 20. Qg3 Qc5 21. Rd2 Kg7 22. Nh4 Kh7 23. Be2 Ndf6 24. Qf3 Rae8 25. Red3 Bc8 26. h3 Kg7 27. Kh2 Rd7 28. Rxd7 Bxd7 29. Nd1 a5 30. Ne3 Be6 31. axb5 cxb5 32. Nd5 Bxd5 33. exd5 e4 34. Qe3 Qxe3 35. fxe3 b4 36. d6 Rd8 37. Bb5 h5 38. g3 Nh6 39. Kg2 g5 40. Nf3 exf3+ 41. Kxf3 Nf5 42. d7 g4+ 43. Kf4 Ne7 44. hxg4 Ng6+ 45. Kf5 Nxg4 46. e4 N4e5 47. Rd5 Kf8 48. Kf6 Ng4+ 49. Kg5 Ke7 50. Ba4 N4e5 51. Rxa5 Nxd7 52. Kxh5 Nde5 53. Kg5 Rd2 54. Ra7+ Kf8 55. Bb5 Kg7 56. Rb7 Rg2 57. Kf5 Rxg3 58. Bc4 Rf3+ 59. Kg5 Rf4 60. Kh5 Rxe4 61. Rxb4 Nf4+ 62. Kg5 Nfg6 63. Kf5 Rf4+ 64. Kg5 Nxc4 65. bxc4 Rf2 66. c5 Rxc2 67. Rb5 Rc4 68. Kf5 Rf4+ 69. Kg5 f6+ 70. Kh5 Rh4# 0-1


[Site "https://www.chess.com"]

[Event "Titled Tuesday Blitz January 17 Early 2023"]
[White "Kozin, Yuri"]
[Black "Kosakowski, Jakub"]
[WhiteFideId "4129920"]
[BlackFideId "1185080"]
[WhiteElo "2251"]
[BlackElo "2485"]
[Result "1-0"]
[Round "03"]
[TimeControl "180+2"]
[Date "2023.01.17"]
[WhiteClock "0:00:37"]
[BlackClock "0:01:13"]

1. e4 c5 2. Nf3 d6 3. d4 cxd4 4. Nxd4 Nf6 5. Nc3 Nc6 6. Bc4 e6 7. Bb3 Be7 8. Be3 a6 9. Qe2 Bd7 10. O-O-O Nxd4 11. Bxd4 b5 12. g4 b4 13. Na4 Bb5 14. Qe3 Rb8 15. g5 Nd7 16. Bxg7 Rg8 17. Bf6 Bxf6 18. gxf6 Qa5 19. Rxd6 Bxa4 20. Bxa4 Qxa4 21. Qa7 Rd8 22. Kb1 Rg5 23. Rhd1 Ra5 24. a3 bxa3 25. Rxd7 Rxd7 26. Qb8+ 1-0


[Site "https://www.chess.com"]

[Event "Titled Tuesday Blitz January 17 Early 2023"]
[White "Demidov, Mikhail"]
[Black "Ezat, Mohamed"]
[WhiteFideId "4197143"]
[BlackFideId "10600906"]
[WhiteElo "2583"]
[BlackElo "2402"]
[Result "1/2-1/2"]
[Round "03"]
[TimeControl "180+2"]
[Date "2023.01.17"]
[WhiteClock "0:00:07"]
[BlackClock "0:00:07"]

1. Nf3 Nf6 2. g3 g6 3. b3 Bg7 4. Bb2 O-O 5. Bg2 d6 6. d4 e5 7. dxe5 Nfd7 8. O-O Nc6 9. Qd2 a5 10. c4 Ndxe5 11. Nc3 a4 12. Rad1 axb3 13. axb3 Nxf3+ 14. exf3 Nd4 15. Nd5 Ra2 16. Qxd4 Rxb2 17. Qa7 Rxb3 18. Rb1 Rxb1 19. Rxb1 Re8 20. h4 c6 21. Ne3 h5 22. f4 Qf6 23. Rd1 Qe7 24. Bf3 Qc7 25. Kg2 Qd7 26. Kg1 Qc7 27. Kg2 Bc3 28. Qa3 Qa5 29. Qxd6 Bb4 30. Qf6 Bc5 31. f5 Be7 32. Qb2 Qb4 33. Qc2 g5 34. hxg5 Bxg5 35. Nf1 h4 36. gxh4 Bxh4 37. Rd4 Bf6 38. Rg4+ Kf8 39. Qc1 Bxf5 40. Qh6+ Ke7 41. Rf4 Rg8+ 42. Ng3 Rg6 43. Qh5 Be6 44. Re4 Qd2 45. Bg4 Qg5 46. Qxg5 Bxg5 47. Bxe6 Rxe6 48. Kf3 Rxe4 49. Kxe4 Ke6 50. f4 Be7 51. Nf5 Bf8 52. Nd4+ Kf6 53. Nf3 Bd6 54. Nd4 Bc5 55. Nb3 Bb6 56. Nd2 Bc5 57. Nb3 Bb6 58. Nd2 Bc5 1/2-1/2


[Site "https://www.chess.com"]

[Event "Titled Tuesday Blitz January 17 Early 2023"]
[White "Santos Flores, Alberto"]
[Black "Paichadze, Luka"]
[WhiteFideId "3601234"]
[BlackFideId "13602934"]
[WhiteElo "2164"]
[BlackElo "2515"]
[Result "0-1"]
[Round "03"]
[TimeControl "180+2"]
[Date "2023.01.17"]
[WhiteClock "0:00:10"]
[BlackClock "0:01:11"]

1. e4 c6 2. d4 d5 3. Nc3 dxe4 4. Nxe4 Nf6 5. Nxf6+ gxf6 6. Bc4 Bf5 7. Nf3 Nd7 8. O-O Rg8 9. Re1 Qc7 10. Nh4 Bg4 11. Be2 Bxe2 12. Qxe2 O-O-O 13. Qh5 e5 14. Qxf7 Rg7 15. Qe6 Re7 16. Qh3 exd4 17. Rxe7 Bxe7 18. Nf5 Bc5 19. g3 Ne5 20. Bf4 Qd7 21. Rd1 b6 22. a3 Kb7 23. b4 Nf3+ 24. Kf1 Bf8 25. Qh5 Qd5 26. Qxh7+ Rd7 27. Qh5 Ng5 28. Kg1 Qxf5 29. Qe8 Nh3+ 30. Kg2 Nxf4+ 31. gxf4 Rg7+ 0-1


[Site "https://www.chess.com"]

[Event "Titled Tuesday Blitz January 17 Early 2023"]
[White "Bacrot, Etienne"]
[Black "Martin Duque, Jesus"]
[WhiteFideId "605506"]
[BlackFideId "2208954"]
[WhiteElo "2667"]
[BlackElo "2386"]
[Result "0-1"]
[Round "03"]
[TimeControl "180+2"]
[Date "2023.01.17"]
[WhiteClock "0:00:13"]
[BlackClock "0:00:54"]

1. e4 c5 2. Nf3 b6 3. d4 cxd4 4. Nxd4 Bb7 5. Bd3 g6 6. O-O Bg7 7. Nf3 Nc6 8. Re1 Nf6 9. Nc3 O-O 10. e5 Ne8 11. Bg5 d6 12. e6 f5 13. Nd5 h6 14. Bd2 Ne5 15. Nxe5 dxe5 16. c4 Bxd5 17. cxd5 Qxd5 18. Bc3 e4 19. Ba6 Qxd1 20. Rexd1 Bxc3 21. bxc3 Nd6 22. a4 Kg7 23. a5 b5 24. Rd5 Rab8 25. Rb1 Kf6 26. f3 Kxe6 27. Rc5 Rfd8 28. Kf2 f4 29. Ke2 exf3+ 30. gxf3 g5 31. Rb4 Rd7 32. Rd4 Kf6 33. h4 e5 34. Rd1 g4 35. Rc6 Ke7 36. Rc5 Ke6 37. Rc6 gxf3+ 38. Kxf3 Rg8 39. Bxb5 Rg3+ 40. Kf2 Ke7 41. Bf1 Ne4+ 42. Ke1 Re3+ 43. Be2 Rxd1+ 44. Kxd1 Nxc3+ 0-1


[Site "https://www.chess.com"]

[Event "Titled Tuesday Blitz January 17 Early 2023"]
[White "Ahmad, Al Khatib"]
[Black "Harsh Suresh"]
[WhiteFideId "8103178"]
[BlackFideId "45018464"]
[WhiteElo "2344"]
[BlackElo "2298"]
[Result "0-1"]
[Round "03"]
[TimeControl "180+2"]
[Date "2023.01.17"]
[WhiteClock "0:00:06"]
[BlackClock "0:01:29"]

1. Nf3 d5 2. g3 g6 3. Bg2 Bg7 4. O-O c5 5. d3 Nc6 6. Nbd2 e6 7. e4 Nge7 8. h4 O-O 9. Re1 b6 10. e5 Bb7 11. Nf1 Qc7 12. Bf4 d4 13. Qd2 Rfd8 14. Bh6 Bh8 15. Qg5 Nf5 16. N1h2 Nxh6 17. Qxh6 Bg7 18. Qf4 Nb4 19. Ng4 Nxc2 20. Nh6+ Bxh6 21. Qxh6 Bxf3 22. Bxf3 Rac8 23. h5 Nxa1 24. Kg2 Nc2 25. Rh1 Rd7 26. Be4 Qxe5 27. hxg6 fxg6 28. Bxg6 hxg6 29. Qxg6+ Rg7 30. Qh5 Qxh5 31. Rxh5 Ne1+ 0-1


[Site "https://www.chess.com"]

[Event "Titled Tuesday Blitz January 17 Early 2023"]
[White "Kopczynski, Michal"]
[Black "Boros, Denes"]
[WhiteFideId "1124200"]
[BlackFideId "722340"]
[WhiteElo "2225"]
[BlackElo "2406"]
[Result "1-0"]
[Round "03"]
[TimeControl "180+2"]
[Date "2023.01.17"]
[WhiteClock "0:01:27"]
[BlackClock "0:02:12"]

1. e4 g6 2. d4 d5 3. e5 c5 4. dxc5 Nc6 5. f4 e6 6. Nf3 Bxc5 7. Nc3 Qb6 8. Bd3 Nh6 9. Qe2 Nf5 10. Bxf5 gxf5 11. Bd2 Qxb2 12. Rb1 Qxc2 13. Rc1 Qb2 14. Na4 Qxa2 15. Nxc5 b6 16. Nxe6 fxe6 17. Rxc6 Ba6 18. Rxe6+ Kf7 19. Ng5+ Kg8 20. Qh5 Qb1+ 1-0


[Site "https://www.chess.com"]

[Event "Titled Tuesday Blitz January 17 Early 2023"]
[White "Harsha Bharathakoti"]
[Black "Mortazavi, Ali"]
[WhiteFideId "5078776"]
[BlackFideId "401323"]
[WhiteElo "2602"]
[BlackElo "2333"]
[Result "1-0"]
[Round "03"]
[TimeControl "180+2"]
[Date "2023.01.17"]
[WhiteClock "0:00:51"]
[BlackClock "0:00:12"]

1. e4 c6 2. d4 d5 3. e5 Bf5 4. Nd2 e6 5. Nb3 Ne7 6. Nf3 Ng6 7. Be2 Nd7 8. O-O f6 9. exf6 Qxf6 10. Bd3 Bxd3 11. Qxd3 Bd6 12. Bg5 Qf7 13. c4 O-O 14. Rfe1 h6 15. Bd2 Rae8 16. Re2 dxc4 17. Qxc4 Nb6 18. Qc2 Nd5 19. Rae1 Ngf4 20. Bxf4 Nxf4 21. Re3 Qh5 22. Nbd2 Qg4 23. g3 Bb4 24. Rf1 Rf5 25. Ne5 Nh3+ 26. Kg2 Qxd4 27. Ndf3 Qd5 28. Kxh3 Ref8 29. Qe4 Qb5 30. Kg2 Bd6 31. Nc4 Bc5 32. Qxe6+ Kh8 33. Rb3 Qa4 34. Nce5 Qe4 35. Ng6+ 1-0


[Site "https://www.chess.com"]

[Event "Titled Tuesday Blitz January 17 Early 2023"]
[White "Van Foreest, Lucas"]
[Black "Bettalli, Francesco"]
[WhiteFideId "1039792"]
[BlackFideId "2816453"]
[WhiteElo "2556"]
[BlackElo "2252"]
[Result "1-0"]
[Round "03"]
[TimeControl "180+2"]
[Date "2023.01.17"]
[WhiteClock "0:00:49"]
[BlackClock "0:00:25"]

1. g4 g6 2. Bg2 d5 3. g5 h6 4. h4 hxg5 5. hxg5 Rxh1 6. Bxh1 Qd6 7. Nf3 e5 8. d3 Nc6 9. Nc3 Bg4 10. e4 d4 11. Ne2 O-O-O 12. Nh2 Be6 13. Ng3 Be7 14. Bd2 Qc5 15. a3 Qb6 16. b4 a5 17. bxa5 Nxa5 18. Bf3 Qa6 19. Kf1 Nc6 20. Kg2 f6 21. Bg4 Nb8 22. a4 Nd7 23. a5 Rf8 24. Bxe6 Qxe6 25. gxf6 Ngxf6 26. Qe2 Rh8 27. Rh1 Nh5 28. Qg4 Nf8 29. Ra1 Nf4+ 30. Kg1 Nh3+ 31. Kg2 Nxf2 32. Qxe6+ Nxe6 33. Nf3 Ng4 34. a6 bxa6 35. Rxa6 Kd7 36. Ne2 Rb8 37. Kg3 Nc5 38. Rxg6 Ne3 39. Nxe5+ Ke8 40. Rg8+ Bf8 41. Nxd4 Nf1+ 42. Kf2 Nxd2 43. Nf5 Ndxe4+ 44. dxe4 Nxe4+ 45. Ke3 Nd6 46. Nxd6+ cxd6 47. Rxf8+ Kxf8 48. Nd7+ Ke7 49. Nxb8 1-0


[Site "https://www.chess.com"]

[Event "Titled Tuesday Blitz January 17 Early 2023"]
[White "Hajiyev, Kanan"]
[Black "Movsesian, Sergei"]
[WhiteFideId "13404148"]
[BlackFideId "310204"]
[WhiteElo "2197"]
[BlackElo "2610"]
[Result "0-1"]
[Round "03"]
[TimeControl "180+2"]
[Date "2023.01.17"]
[WhiteClock "0:00:05"]
[BlackClock "0:01:24"]

1. d4 Nf6 2. Nf3 g6 3. c4 Bg7 4. Nc3 O-O 5. g3 d6 6. Bg2 c6 7. O-O Qb6 8. b3 e5 9. Bb2 e4 10. Ne1 Re8 11. d5 cxd5 12. cxd5 Nbd7 13. Nc2 Nc5 14. Rc1 Bd7 15. b4 Na4 16. Nxa4 Bxa4 17. Qd2 Bxc2 18. Rxc2 e3 19. fxe3 Ng4 20. Bxg7 Kxg7 21. Rc3 Nxe3 22. Rf2 Ng4 0-1


[Site "https://www.chess.com"]

[Event "Titled Tuesday Blitz January 17 Early 2023"]
[White "Trigo Urquijo, Sergio"]
[Black "Pakleza, Zbigniew"]
[WhiteFideId "2262436"]
[BlackFideId "1119290"]
[WhiteElo "2408"]
[BlackElo "2494"]
[Result "0-1"]
[Round "03"]
[TimeControl "180+2"]
[Date "2023.01.17"]
[WhiteClock "0:00:21"]
[BlackClock "0:00:15"]

1. b3 d5 2. Bb2 Nf6 3. e3 Bf5 4. Nf3 e6 5. c4 c6 6. Be2 h6 7. O-O Nbd7 8. d3 Be7 9. Nbd2 O-O 10. Re1 Bh7 11. Bf1 a5 12. a3 Nc5 13. Ne5 Qc7 14. d4 Nce4 15. Rc1 Bd6 16. Nxe4 Nxe4 17. f3 Nf6 18. Bd3 Bxd3 19. Qxd3 Rfd8 20. c5 Be7 21. Bc3 Nd7 22. f4 Nf6 23. Ra1 Ne4 24. b4 axb4 25. axb4 f6 26. Ng4 b6 27. Nf2 Nxf2 28. Kxf2 f5 29. g3 g5 30. Ra6 b5 31. Rea1 Rxa6 32. Rxa6 Qb7 33. Ra3 Ra8 34. Bb2 Ra4 35. Qb3 Qa6 36. Qa2 Kf7 37. Ke2 Kg6 38. h3 Bf6 39. Kf3 Qa8 40. Kg2 h5 41. Kf3 g4+ 42. hxg4 fxg4+ 43. Kg2 Rxa3 44. Qxa3 Qxa3 45. Bxa3 Kf5 46. Kf2 Ke4 47. Ke2 h4 48. gxh4 Bxh4 49. Bc1 g3 50. Kf1 Kf3 51. Bd2 g2+ 52. Kg1 Bf2+ 0-1


[Site "https://www.chess.com"]

[Event "Titled Tuesday Blitz January 17 Early 2023"]
[White "Kuznetsov, Mikhail"]
[Black "Lagno, Kateryna"]
[WhiteFideId "4117190"]
[BlackFideId "14109336"]
[WhiteElo "2050"]
[BlackElo "2558"]
[Result "1-0"]
[Round "03"]
[TimeControl "180+2"]
[Date "2023.01.17"]
[WhiteClock "0:00:02"]
[BlackClock "0:00:06"]

1. Nf3 Nf6 2. g3 g6 3. b3 Bg7 4. Bb2 d6 5. d4 d5 6. Bg2 O-O 7. O-O a5 8. a4 Ne4 9. Nfd2 Nc5 10. e3 h5 11. Nc3 Ne6 12. Nxd5 c5 13. c3 h4 14. Nc4 Ra6 15. Ba3 Nd7 16. Qg4 Nf6 17. Nxf6+ Bxf6 18. Qf3 Qc7 19. d5 Ng5 20. Qf4 Nh3+ 21. Bxh3 Qxf4 22. exf4 Bxh3 23. Rfc1 Rd8 24. Ne3 Rc8 25. Ra2 e6 26. dxe6 Bxe6 27. c4 Rd6 28. Bb2 Rd2 29. Rc2 Rxc2 30. Nxc2 Bxb2 31. Rxb2 Rd8 32. Ne3 h3 33. Kf1 Rd6 34. Ke2 Kg7 35. Rd2 Rb6 36. Rd3 Kh6 37. Kf3 f5 38. Ke2 g5 39. fxg5+ Kxg5 40. Kf3 Rc6 41. Ke2 Rc8 42. f4+ Kf6 43. Rd6 Re8 44. Kf3 Kf7 45. Rb6 Re7 46. Rb5 Rd7 47. Rxc5 Rd2 48. Rc7+ Kf6 49. Nd5+ Bxd5+ 50. cxd5 Rxh2 51. Rh7 Rh1 52. d6 Rd1 53. Rxh3 Rxd6 54. Rh6+ Kf7 55. Rxd6 1-0


[Site "https://www.chess.com"]

[Event "Titled Tuesday Blitz January 17 Early 2023"]
[White "Myshakov, Fyodor"]
[Black "Krivonosov, Oleg"]
[WhiteFideId "14111284"]
[BlackFideId "11600349"]
[WhiteElo "2292"]
[BlackElo "2359"]
[Result "0-1"]
[Round "03"]
[TimeControl "180+2"]
[Date "2023.01.17"]
[WhiteClock "0:00:12"]
[BlackClock "0:00:56"]

1. c4 e6 2. Nc3 d5 3. cxd5 exd5 4. d4 c6 5. Nf3 Bf5 6. Bf4 Be7 7. e3 Nd7 8. Bd3 Bxd3 9. Qxd3 Ngf6 10. O-O O-O 11. Ne5 Nxe5 12. Bxe5 Bd6 13. Bxd6 Qxd6 14. Rab1 a5 15. a3 Rfe8 16. Na4 Ne4 17. f3 Nf6 18. Nc5 Qc7 19. Rbe1 Nd7 20. Nxd7 Qxd7 21. e4 dxe4 22. Rxe4 Rad8 23. Rfe1 Rxe4 24. Rxe4 h6 25. Qe3 f5 26. Re7 Qxd4 27. Qxd4 Rxd4 28. Rxb7 Rd2 29. h4 h5 30. Rb6 Rc2 31. Ra6 Rxb2 32. Rxa5 g6 33. Rc5 Rb6 34. Kf2 Kf7 35. Ke3 Ke6 36. Kf4 Kd6 37. Rc3 c5 38. a4 Kd5 39. g4 fxg4 40. fxg4 Rb4+ 41. Kf3 hxg4+ 42. Kg3 Rxa4 43. Rd3+ Rd4 44. Ra3 c4 45. Ra5+ Ke6 46. Rc5 Kd6 47. Rc8 Kd5 48. Rd8+ Ke4 49. Rg8 Rd6 50. Rc8 Kd3 51. Kxg4 c3 52. Kg5 c2 53. Kg4 Kd2 54. Kg5 c1=Q 55. Rxc1 Kxc1 56. Kf4 Re6 57. Kg4 Kd2 58. Kf4 Ke2 59. Kg4 Kf2 60. Kf4 Kg2 61. Kg4 Kh2 62. h5 gxh5+ 63. Kxh5 Kg3 64. Kg5 Re4 65. Kf5 Kf3 66. Kg5 Rf4 67. Kh5 Rg4 68. Kh6 Kf4 69. Kh5 Kf5 70. Kh6 Rg1 71. Kh7 Kf6 72. Kh8 Kf7 0-1


[Site "https://www.chess.com"]

[Event "Titled Tuesday Blitz January 17 Early 2023"]
[White "Kazancev, Valerij M"]
[Black "Tanenbaum, Zachary"]
[WhiteFideId "4179609"]
[BlackFideId "2060850"]
[WhiteElo "2313"]
[BlackElo "2261"]
[Result "0-1"]
[Round "03"]
[TimeControl "180+2"]
[Date "2023.01.17"]
[WhiteClock "0:00:15"]
[BlackClock "0:00:04"]

1. c4 e5 2. g3 Nf6 3. Bg2 Nc6 4. Nc3 Bc5 5. e3 O-O 6. Nge2 Re8 7. h3 d6 8. a3 e4 9. d4 exd3 10. Nf4 Ne5 11. b3 Bf5 12. g4 Bg6 13. Bxb7 Rb8 14. Bg2 c6 15. O-O Qc7 16. g5 Nfd7 17. Nxg6 hxg6 18. f4 d2 19. Bxd2 Nd3 20. Rf3 Qb6 21. Qe2 Nxf4 22. Rxf4 Bxe3+ 23. Bxe3 Rxe3 24. c5 Qxc5 25. Rc4 Rxe2+ 26. Rxc5 Rxg2+ 27. Kxg2 Nxc5 28. b4 Nd3 29. Rd1 Ne5 30. Rxd6 Nc4 31. Rxc6 Nxa3 32. Rc7 Rxb4 33. Rxa7 Rb2+ 34. Kg1 Nc4 35. Nd5 Ne5 36. Ra8+ Kh7 37. Ra3 Rd2 38. Nf4 f6 39. gxf6 gxf6 40. Rg3 g5 41. Ng2 Kg6 42. Kf1 Kh5 43. Ra3 Nd3 44. Kg1 Rd1+ 45. Kh2 Ne5 46. Kg3 f5 47. Ra5 Rd3+ 48. Kf2 Rd2+ 49. Kg3 Ng6 50. h4 f4+ 51. Kf3 Nxh4+ 52. Nxh4 Kxh4 53. Ra8 Rd3+ 54. Ke4 Re3+ 55. Kf5 f3 56. Rh8+ Kg3 57. Kxg5 f2 58. Rf8 Rf3 0-1


[Site "https://www.chess.com"]

[Event "Titled Tuesday Blitz January 17 Early 2023"]
[White "Vagman, Roy"]
[Black "Gurvich, Vitaly"]
[WhiteFideId "2828995"]
[BlackFideId "24164852"]
[WhiteElo "2273"]
[BlackElo "2278"]
[Result "0-1"]
[Round "03"]
[TimeControl "180+2"]
[Date "2023.01.17"]
[WhiteClock "0:00:02"]
[BlackClock "0:01:52"]

1. e4 c6 2. d4 d5 3. e5 Bf5 4. Nf3 e6 5. Nbd2 h6 6. Nb3 Nd7 7. a4 c5 8. dxc5 Bxc5 9. Nxc5 Nxc5 10. Bb5+ Nd7 11. Nd4 Ne7 12. O-O a6 13. Bxd7+ Qxd7 14. a5 O-O 15. Bd2 Rfc8 16. Bb4 Bg6 17. Bxe7 Qxe7 18. c3 Rc4 19. Qd2 Rac8 20. Rfe1 Qc7 21. h4 Rc5 22. Nb3 Rb5 23. Ra3 Qc4 24. Nd4 Rbc5 25. Rea1 R5c7 26. Ra4 Qc5 27. Rb4 Qe7 28. g3 Rc4 29. Rb6 Qc7 30. Kg2 Be4+ 31. f3 Bg6 32. Qe3 Qd7 33. g4 h5 34. gxh5 Bxh5 35. Kh2 Qe7 36. Qf4 Rxd4 37. Qxd4 Rc4 38. Qf2 Rxh4+ 39. Kg1 Qg5+ 40. Qg2 Qe3+ 41. Kf1 Bxf3 42. Qg1 Rh1 43. Qxh1 Bxh1 44. b4 Bf3 45. Re1 Qd2 0-1


[Site "https://www.chess.com"]

[Event "Titled Tuesday Blitz January 17 Early 2023"]
[White "Averjanov, Alexey"]
[Black "Ozates, Tuna"]
[WhiteFideId "14109867"]
[BlackFideId "6354521"]
[WhiteElo "2399"]
[BlackElo "2251"]
[Result "1-0"]
[Round "03"]
[TimeControl "180+2"]
[Date "2023.01.17"]
[WhiteClock "0:02:11"]
[BlackClock "0:00:10"]

1. d4 Nf6 2. c4 c5 3. Nf3 g6 4. g3 Bg7 5. Bg2 O-O 6. O-O cxd4 7. Nxd4 Nc6 8. Nc3 Qb6 9. Nc2 d6 10. Ne3 Be6 11. Rb1 Rac8 12. b3 a6 13. Bb2 Rfd8 14. Ncd5 Bxd5 15. Nxd5 Nxd5 16. Bxd5 e6 17. Bxg7 Kxg7 18. Bxc6 Qxc6 19. Qd4+ e5 20. Qd3 d5 21. cxd5 Rxd5 22. Qe3 Qd7 23. Rbc1 Rxc1 24. Rxc1 Rd1+ 25. Rxd1 Qxd1+ 26. Kg2 Qd5+ 27. f3 f6 28. Qc3 Qd7 29. h4 h5 30. a4 Kf7 31. Qc4+ Kg7 32. Qc5 Kh6 33. Qf8+ Qg7 34. Qxg7+ Kxg7 35. Kf2 Kf7 36. Ke3 Ke6 37. Kd3 Kd5 38. b4 b5 39. e4+ Kd6 40. axb5 axb5 41. Ke3 Ke6 42. f4 Kd6 43. Kf3 Ke6 44. g4 exf4 45. gxh5 gxh5 46. Kxf4 1-0


[Site "https://www.chess.com"]

[Event "Titled Tuesday Blitz January 17 Early 2023"]
[White "Sipila, Vilka"]
[Black "Bozorov, Makhsum"]
[WhiteFideId "505455"]
[BlackFideId "14201330"]
[WhiteElo "2427"]
[BlackElo "2145"]
[Result "1-0"]
[Round "03"]
[TimeControl "180+2"]
[Date "2023.01.17"]
[WhiteClock "0:00:25"]
[BlackClock "0:00:07"]

1. b3 Nf6 2. Bb2 g6 3. Nf3 Bg7 4. g3 O-O 5. Bg2 d5 6. c4 c6 7. O-O Bg4 8. d3 Nbd7 9. Nbd2 a5 10. a3 Re8 11. h3 Bxf3 12. Nxf3 e5 13. e3 Qe7 14. Qc2 dxc4 15. dxc4 e4 16. Nd2 Nc5 17. b4 axb4 18. axb4 Nd3 19. Rxa8 Rxa8 20. Bxf6 Bxf6 21. Nxe4 Nxb4 22. Nxf6+ Qxf6 23. Qb3 Qe7 24. Rb1 c5 25. Rd1 h5 26. h4 Rb8 27. Qa4 b6 28. Rd7 Qf6 29. Qa7 Rd8 30. Bd5 Rxd7 31. Qxd7 Kg7 32. e4 Nd3 33. f4 Qd4+ 34. Kh1 Nf2+ 35. Kg2 Ng4 36. Qxf7+ Kh6 37. Qf8+ Qg7 38. Qxg7+ Kxg7 39. Kf3 Kf6 40. e5+ Ke7 41. Be4 Kf7 42. Bd5+ Ke7 43. Bc6 Kf7 44. Ke4 Nf2+ 45. Kd5 Nh1 46. Kd6 Nxg3 47. e6+ Kf6 48. Kd7 Nf5 49. Be4 Ne7 50. Bd3 Ng8 51. Be4 Ne7 52. Bf3 Nf5 53. Bc6 Ne7 54. Bb5 Nf5 55. Ba6 Ne7 56. Bb7 Nf5 57. Bd5 Ne7 58. Kc7 Nf5 59. Kxb6 Nxh4 60. Kxc5 Ke7 61. Kd4 Nf5+ 62. Ke5 Nd6 63. c5 Nb5 64. Be4 Nc7 65. Bxg6 Nxe6 66. c6 Nxf4 67. Kxf4 Kd6 68. Be4 h4 69. Kg4 h3 70. Kxh3 Kc7 71. Kg4 Kd6 72. Kf5 1-0


[Site "https://www.chess.com"]

[Event "Titled Tuesday Blitz January 17 Early 2023"]
[White "Tan, Zhongyi"]
[Black "Gheorghiu, Calin"]
[WhiteFideId "8603642"]
[BlackFideId "1200305"]
[WhiteElo "2517"]
[BlackElo "2313"]
[Result "1-0"]
[Round "03"]
[TimeControl "180+2"]
[Date "2023.01.17"]
[WhiteClock "0:00:10"]
[BlackClock "0:00:03"]

1. d4 Nf6 2. c4 e6 3. g3 c5 4. d5 exd5 5. cxd5 d6 6. Nc3 g6 7. Bg2 Bg7 8. Nf3 O-O 9. O-O Re8 10. Re1 Ne4 11. Nxe4 Rxe4 12. Nd2 Rb4 13. Qc2 b5 14. a3 Ra4 15. Rb1 c4 16. Ne4 Bf5 17. Bd2 Nd7 18. Bc3 Bxc3 19. Qxc3 Bxe4 20. Bxe4 Qf6 21. Qd2 Ra6 22. Bg2 Rb6 23. e4 a5 24. f4 b4 25. axb4 axb4 26. Qe3 Re8 27. Bh3 Nc5 28. e5 Qe7 29. Qd4 Qd8 30. e6 f5 31. Qxc4 Rb7 32. Bf1 Qb6 33. Qd4 Nb3 34. Qxb6 Rxb6 35. Rbd1 Rb7 36. Bc4 Na5 37. Bf1 Rc7 38. Ra1 Nb3 39. Ra6 Nc5 40. Rxd6 Ne4 41. Rd7 Rxd7 42. exd7 Rd8 43. Bb5 Kf7 44. Rc1 Ke7 45. Rc8 Nd6 46. Rxd8 Kxd8 47. Bc6 1-0


[Site "https://www.chess.com"]